 Dungeon Crawl Stone Soup version 0.31.0-12-g77e489cdc1 (webtiles) character file.

Game seed: 14348010114702833544

85 Hrothgar the Sneak (level 4, -1/34 (40) HPs)
             Began as a Hill Orc Delver on Feb 13, 2024.
             Was an Initiate of Beogh.
             Killed from afar by an orc wizard (8 damage)
             ... with a magic dart
             ... on level 5 of the Dungeon.
             The game lasted 00:01:32 (74 turns).

Hrothgar the Sneak (Hill Orc Delver)                  Turns: 74, Time: 00:01:41

HP:   -1/34 (40)    AC:  3    Str: 14    XL:     4   Next: 48%
MP:   4/4           EV: 11    Int: 12    God:    Beogh [......]
Gold: 0             SH:  0    Dex: 12    Spells: 3/3 levels left

rFire   . . .        a - +0 hand axe
rCold   . . .        (no shield)
rNeg    . . .        b - +0 leather armour
rPois   .            (no helmet)
rElec   .            (no cloak)
rCorr   .            (no gloves)
SInv    .            (no boots)
Will    .....        (no amulet)
Stlth   +            (no ring)
HPRegen 0.25/turn    (no ring)
MPRegen 0.09/turn

%: no passive effects
@: confused, heavily drained
A: no striking features
a: Renounce Religion


You were on level 5 of the Dungeon.
You worshipped Beogh.
Beogh was noncommittal.
You visited 1 branch of the dungeon, and saw 1 of its levels.

Inventory:

Hand Weapons
 a - a +0 hand axe (weapon)
Armour
 b - a +0 leather armour (worn)
Wands
 g - a wand of digging (3)
Scrolls
 d - a scroll of revelation


   Skills:
 * Level 4.0 Fighting
 * Level 3.1 Axes
 * Level 1.0 Armour
 * Level 1.9 Dodging
 * Level 5.0 Stealth
 * Level 1.0 Evocations


You had 3 spell levels left.
You didn't know any spells.
Your spell library was empty.

Dungeon Overview and Level Annotations

Branches:
Dungeon (5/15)
 Temple: D:4-7

Altars:


Message History

Your Fighting skill increases to level 4!
Your Armour skill increases to level 1!
Your Stealth skill increases to level 5!
Your Evocations skill increases to level 1!
You have reached level 4!
Aiming: Corrosive Bolt
Press: ? - help, Shift-Dir - straight line, f - ufetubus
Aim: an ufetubus (53% to hit)
The bolt of acid hits the ice beast!
The ice beast seems to be corroded for longer.
The ice beast is almost dead.
The bolt of acid hits something!
The acid corrodes something!
The bolt of acid hits the ufetubus!
The acid corrodes the ufetubus!
The ufetubus is severely wounded.
The now-empty wand crumbles to dust.
You hear a shout!
Something hits you.
You feel drained.
Deactivating autopickup; reactivate with Ctrl-A.
You aren't carrying any potions.
Unknown command.
Okay, then.
As you read the scroll of fog, it dissolves into smoke.
You feel yourself slow down.
You hit something. Something hits you.
You feel drained. Something hits you.
You feel drained.
You barely miss something. Something hits you.
You feel drained.
You closely miss something. You hit the ufetubus but do no damage.
The ufetubus hits you but does no damage.
The ufetubus hits you. The ufetubus closely misses you. The ufetubus hits you.
* * * LOW HITPOINT WARNING * * *
You hear some strange, mumbled words.
You are confused.
You miss something. You closely miss the ufetubus.
The ufetubus barely misses you. The ufetubus hits you.
* * * LOW HITPOINT WARNING * * *
You hear some strange, mumbled words.
A magic dart appears from out of thin air!
The magic dart hits you!
You die...
Beogh appreciates something's killing of a heretic priest.

#.# #.....#
#o####)...... # #l5.l5#
.?..# #. #####.##...#
#.### #.o....# #...#
#..###.# #.#.## #..#
#.#
#...§#####o.###.#######
#...§5@{Y)5.s..5.......
##$.§##########B#######
##.##### #.#
#.....#######.#
#####.......B.#
###########


You could see an ice beast (corroded) and an ufetubus.

Vanquished Creatures
  A hound (D:5)
  2 orc wizards (D:5)
  2 orcs (D:5)
5 creatures vanquished.

Vanquished Creatures (others)
  An orc priest (D:5)
  An orc (D:5)
2 creatures vanquished.

Grand Total: 7 creatures vanquished

Notes
Turn   | Place    | Note
-------+----------+-------------------------------------------
     0 | D:5      | Hrothgar the Hill Orc Delver began the quest for the Orb.
     0 | D:5      | Reached XP level 1. HP: 19/19 MP: 1/1
     9 | D:5      | Noticed an orc priest
    10 | D:5      | Became a worshipper of Beogh the Brigand
    11 | D:5      | Noticed an orc wizard
    16 | D:5      | Killed an orc priest
    16 | D:5      | Noticed an orc priest
    17 | D:5      | Noticed an orc wizard
    21 | D:5      | Noticed an iguana
    23 | D:5      | Killed an orc wizard
    23 | D:5      | Noticed an orc wizard
    24 | D:5      | Reached XP level 2. HP: 17/27 MP: 2/2
    24 | D:5      | Reached XP level 3. HP: 20/33 MP: 3/3
    57 | D:5      | Noticed an ice beast
    68 | D:5      | Noticed a scorpion
    69 | D:5      | Reached skill level 1 in Armour
    69 | D:5      | Reached skill level 5 in Stealth
    69 | D:5      | Reached skill level 1 in Evocations
    69 | D:5      | Reached XP level 4. HP: 28/40 MP: 4/4
    74 | D:5      | Killed from afar by an orc wizard

Illustrated notes

Levels and vault maps discovered:
D:5:      cheibrodos_two_vegetables, layout_loops_ring,
          minmay_temple_entry_proselytizer

Skill      XL: |  1  2  3 |
---------------+----------+-----
Axes           | 3 |  3.1
Fighting       | 4 |  4.0
Armour         | 1 |  1.0
Stealth        | 5 |  5.0
Evocations     | 1 |  1.0
Dodging        | |  1.9

Action                     |  1- 3 |  4- 6 || total
---------------------------+-------+-------++-------
  Melee: Hand axe          |    14 |     4 ||    18
 Invoke: Convert to Beogh  |     1 |       ||     1
  Evoke: Wand              |     4 |     1 ||     5
    Use: Potion            |     1 |       ||     1
         Scroll            |     1 |     1 ||     2
   Stab: Fleeing           |     1 |       ||     1
 Armour: Leather armour    |     9 |     9 ||    18
  Dodge: Dodged            |     6 |     2 ||     8
